AoeStats
← SappYoda

Nomad

505747170Analyzed
3v3 RM · 23d ago on Sep 10, 2026· 55m 10s· 6 players
Game mode
Random Map
Map size
210×210
Population
200
Speed
Normal
Resources
Standard
Victory
Conquest
Starting age
Dark Age
Ending age
Imperial Age
RankedLock teamsTeams togetherTeam positionsShared explorationLock speedFull tech treeHidden civsTurbo modeCheats
Victory
Defeat
🇫🇷 Berbers · France
1032
+13
🇧🇷 Mongols · Brazil
1008
+14
🇫🇷 Japanese · France
986
+15
🇪🇸 Mongols · Spain
1033
-16
🇪🇸 Malians · Spain
1024
-16
🇪🇸 Berbers · Spain
858
-10
MrSoider
9:31 Loom
14:05 Feudal Age
17:31 Wheelbarrow
19:56 Castle Age
17:55 Double-Bit Axe
18:23 Forging
19:36 Bloodlines
19:37 Scale Barding Armor
20:20 Horse Collar
21:28 Bow Saw
23:09 Husbandry
27:49 Iron Casting
32:45 Chain Barding Armor
34:00 Fletching
35:03 Bodkin Arrow
35:52 Padded Archer Armor
39:36 Imperial Age
38:07 Hand Cart
39:24 Murder Holes
39:40 Masonry
40:48 Capped Ram
43:09 Ballistics
45:38 Chemistry
50:41 Conscription
51:43 Thumb Ring
53:24 Parthian Tactics
52:23 Elite Genitour
54:01 Padded Archer Armor
55:42 Leather Archer Armor
AlJarr6
6:56 Loom
14:26 Feudal Age
15:53 Fishing Lines
21:46 Scale Mail Armor
24:09 Forging
26:54 Castle Age
30:56 Fletching
31:11 Gambesons
32:57 Double-Bit Axe
36:01 Gillnets
37:11 Squires
40:32 Wheelbarrow
40:06 Horse Collar
40:48 Elite Skirmisher
42:50 Hand Cart
43:19 Gold Mining
47:01 Imperial Age
44:24 Stone Mining
46:04 Iron Casting
47:13 Elite Samurai
48:12 Arson
49:30 Blast Furnace
48:47 Chain Mail Armor
50:55 Bow Saw
51:11 Conscription
51:14 Kataparuto
52:40 Thumb Ring
Jean Neige
6:33 Loom
12:54 Feudal Age
13:30 Double-Bit Axe
15:27 Gold Mining
18:56 Wheelbarrow
19:06 Stone Mining
22:05 Castle Age
20:27 Fishing Lines
23:09 Bow Saw
23:45 Forging
23:41 Scale Barding Armor
24:15 Horse Collar
24:59 Husbandry
25:09 Bloodlines
25:41 Heavy Plow
26:39 Iron Casting
30:42 Gold Shaft Mining
30:43 Stone Shaft Mining
31:34 Hand Cart
33:14 Treadmill Crane
38:02 Imperial Age
37:56 Kasbah
38:21 Padded Archer Armor
38:12 Fletching
39:10 Conscription
38:15 Heavy Camel Rider
40:40 Crop Rotation
41:53 Maghrebi Camels
47:06 Masonry
48:10 Blast Furnace
47:31 Chain Barding Armor
SappYoda
5:33 Loom
14:09 Feudal Age
14:19 Feudal Age
18:28 Castle Age
17:54 Scale Barding Armor
19:24 Bloodlines
19:10 Horse Collar
24:25 Fletching
25:47 Bodkin Arrow
29:27 Padded Archer Armor
42:24 Imperial Age
41:01 Chain Barding Armor
43:18 Wheelbarrow
42:30 Double-Bit Axe
42:45 Heavy Plow
44:19 Plate Barding Armor
45:17 Hand Cart
45:14 Bow Saw
47:13 Town Watch
49:08 Crossbowman
50:03 Thumb Ring
52:24 Ballistics
52:21 Leather Archer Armor
escipio5
3:57 Loom
14:00 Feudal Age
14:42 Town Watch
18:34 Wheelbarrow
20:38 Castle Age
20:27 Gold Mining
20:38 Double-Bit Axe
21:10 Bloodlines
20:59 Fletching
22:00 Husbandry
22:06 Town Patrol
23:05 Bodkin Arrow
23:58 Padded Archer Armor
25:24 Ballistics
25:56 Stone Mining
30:41 Gold Shaft Mining
30:47 Leather Archer Armor
30:56 Thumb Ring
34:33 Stone Shaft Mining
39:18 Imperial Age
39:42 Hand Cart
39:42 Forging
42:20 Chemistry
41:45 Bracer
44:38 Horse Collar
44:21 Capped Ram
45:48 Conscription
52:29 Elite Mangudai
53:50 Elite Mangudai
JoseM
16:16 Feudal Age
16:48 Town Watch
17:52 Horse Collar
21:10 Double-Bit Axe
22:37 Scale Barding Armor
22:42 Forging
24:06 Bloodlines
31:04 Castle Age
30:41 Scale Mail Armor
32:38 Town Patrol
32:53 Bow Saw
32:46 Heavy Plow
33:39 Chain Barding Armor
33:57 Iron Casting
33:33 Husbandry
38:00 Stone Mining
38:01 Gold Mining
51:50 Imperial Age
52:15 Heavy Camel Rider
Connection lost

Rejoining the realm…

Still unreachable

The connection could not be restored.

Session expired

The server has moved on; the page needs a fresh start.